← All builds
Pond / Armada / Economy first / OBSERVED BUILD

Fatboy buy

Armada Pond build order · Supreme Isthmus

Pond funds Tech to produce a Fatboy from 5:04 and gets it delivered by Hephaestus to push the front early.

#team support #push · 458 distinct matches · 112 players · 25% of Armada Pond games · team won 48% of 495 · Recently observed

THE CATCH, AND WHAT COMES WITH IT
  • FatboyFatboy from Tech arrives 5:04 · 21% of role by thenTech makes it and hands it over.
  • HephaestusHeavy transport from an ally in 80%21% of all Pond games by then

Paid for by sending allies about 1,100 metal and 13,000 energy by 5:00; standard pond sends 0 metal and 9,000 energy.

Where those units first fight, in 465 games with kill data: in the middle 86%, on their own side 14%.

Those units destroy a typical 2,935 metal of enemy units by 15:00.

Then transitions into tick (31% of army), pawn (15% of army).

HOW TO PLAY IT

Key timing: Fatboy to front by 5:02

  1. Open tidals and mex, add wind as usual Pond eco.
  2. Grab a heavy transport from air to fly it forward.
  3. Send Tech heavy metal and energy to buy a Fatboy.
  4. Get Fatboy handed over from Tech's factory for front.
  5. Fight in middle with Fatboy, then return to normal Tick and Pawn lab output.

Phase by phase

TYPICAL OF ITS 458 GAMES · AGAINST STANDARD POND
  1. 1
  2. 2
PLAY THE OPENING

Follow the example game's first 6:05 step by step: what to build now, what comes next, and where it goes. At 1× it keeps pace with your own game.

  1. 1

    Up to the Bot Lab

    Economy
    • Metal Extractor4Mex
    • Wind Turbine10Wind
    • Tidal Generator8Tidalfor allies
    • Tidal Generator1Tidal
    • Energy Converter2Converter
    • Energy Storage1Energy storage
    Order
    1. Bot LabBot Lab after 4 mex, 11 wind, 2 converterdone ~5:55, middle half 4:53–6:59

    The standard build makes here, this one skips: 2 con bot

    By 5:27 in all: 4 mex · 10 wind · 1 tidal · 2 converter · 1 energy storage

    The example game in this phase · 19 steps
    1. Tidal ×8for Suicide front
    2. Tidal ×2
    3. Tidalfor Air
    4. Tidal
    5. Mex
    6. Energy storage
    7. Mex
    8. Radar TowerRadar Tower
    9. Mex
    10. Energy storage
    11. Mex
    12. Converter ×2
    13. Wind ×6
    14. Converter ×2
    15. Wind ×5
    16. Converter ×2
    17. Wind ×4
    18. Converter
    19. Bot LabBot Labdone 6:48 · typical 5:55
  2. 2

    Bot Lab to 10:00

    Economy
    • Wind Turbine7Wind−20 vs standard
    Builders
    • Construction Turret1 Con turret
    • Construction Bot2 Con bot +2 vs standard
    Army
    • Tick6 Tick +6 vs standard

    Some games also: Lazarus (45%) · converter (34%) · eat Bot Lab (37%)

    The standard build makes here, this one skips: 6 converter

    By 10:00 in all: 4 mex · 22 wind (standard 38) · 1 tidal · 4 converter (standard 9) · 1 energy storage · 2 con turret

    The example game in this phase · 122 steps
    1. TickTick ×9
    2. Construction BotCon bot ×5
    3. TickTick ×3
    4. Advanced Metal ExtractorT2 mexdone 9:14 · typical 9:52
    5. TickTick
    6. TickTickfor Geo sea
    7. TickTick ×7
    8. TickTickfor Geo sea
    9. TickTick ×2
    10. Advanced Metal ExtractorT2 mex
    11. TickTickfor Geo sea
    12. TickTick ×3
    13. TickTickfor Geo sea
    14. Advanced Metal ExtractorT2 mex
    15. TickTick ×4for Geo sea
    16. Con turret ×2
    17. TickTick ×2for Geo sea
    18. TickTick
    19. Advanced Metal ExtractorT2 mex
    20. TickTick ×4
    21. Construction BotCon bot ×2
    22. TickTick ×3
    23. CitadelAnti-nukedone 14:11
    24. TickTick
    25. Con turret
    26. TickTick ×2
    27. Con turret
    28. Vehicle PlantVehicle Plantdone 11:41
    29. BlitzBlitz ×3
    30. PawnPawn
    31. BlitzBlitz
    32. PawnPawn
    33. BlitzBlitz
    34. PawnPawn
    35. BlitzBlitz
    36. PawnPawn
    37. Wind
    38. BlitzBlitz
    39. PawnPawn
    40. Wind
    41. BlitzBlitz
    42. Construction BotCon bot
    43. Wind ×2
    44. BlitzBlitz
    45. Wind ×3
    46. Construction BotCon bot
    47. Wind ×3
    48. BlitzBlitz
    49. Wind
    50. PawnPawn
    51. Wind ×2
    52. BlitzBlitz
    53. PawnPawn
    54. Wind
    55. BlitzBlitz
    56. PawnPawn
    57. BlitzBlitz
    58. Wind
    59. PawnPawn
    60. Wind ×2
    61. BlitzBlitz
    62. PawnPawn
    63. BlitzBlitz
    64. PawnPawn
    65. Wind ×2
    66. BlitzBlitz
    67. Wind
    68. PawnPawn
    69. BlitzBlitz
    70. PawnPawn
    71. Wind
    72. BlitzBlitz
    73. Wind
    74. PawnPawn
    75. Wind
    76. BlitzBlitz
    77. PawnPawn
    78. Wind ×2
    79. BlitzBlitz
    80. Wind
    81. PawnPawn
    82. BlitzBlitz
    83. PawnPawn
    84. Wind ×2
    85. BlitzBlitz
    86. Wind
    87. PawnPawn
    88. BlitzBlitz
    89. Construction BotCon bot
    90. Wind
    91. BlitzBlitz
    92. Wind ×3
    93. PawnPawn
    94. BlitzBlitz
    95. PawnPawn
    96. BlitzBlitz
    97. Wind
    98. PawnPawn
    99. Wind ×2
    100. BlitzBlitz
    101. PawnPawn
    102. Wind
    103. TracerTracer
    104. Wind ×3
    105. BlitzBlitz
    106. PawnPawn
    107. Wind
    108. BlitzBlitz
    109. Wind ×2
    110. PawnPawn
    111. Wind ×2
    112. Vehicle PlantEat Vehicle Plantreclaimed for its metal
    113. Fusion ReactorFusionnot finished by 15:00
    114. Bot LabEat Bot Labreclaimed for its metal
    115. Wind ×2
    116. Con turret
    117. Wind ×2
    118. Con turret
    119. Wind ×3
    120. Con turret
    121. Wind
    122. Con turret

Counts are medians over the build's games: half of them build more, half fewer. The example game is NEXUS_VI's (34 OS, 13/10/2026); pick another.

Team trades

IN AT LEAST 30% OF ITS GAMES

You hand over

  • Tidal Generator8 Tidal to Suicide front or Frontfirst at 0:10 · in 97% of games

You get

  • Hephaestus1 Heavy transport from Air or Techfirst at 4:50 · in 82% of games
  • Fatboy1 Fatboy from Techfirst at 5:05 · in 100% of games
  • Advanced Construction Bot1 T2 con bot from Techfirst at 8:14 · in 96% of games

How it plays out

Typical game of this build against the role’s standard build, running totals by minute

  • This build
  • Standard pond

Metal produced

010k20k30k
0:005:0010:0015:00

metal

Enemy metal destroyed

02k4k6k
0:005:0010:0015:00

metal

Own metal lost

02k4k
0:005:0010:0015:00

metal

Metal sent to allies

01k2k
0:005:0010:0015:00

metal

Energy sent to allies

020k40k60k
0:005:0010:0015:00

metal

495 games.

Show as table
ByMetal produced: This buildMetal produced: Standard pondEnemy metal destroyed: This buildEnemy metal destroyed: Standard pondOwn metal lost: This buildOwn metal lost: Standard pondMetal sent to allies: This buildMetal sent to allies: Standard pondEnergy sent to allies: This buildEnergy sent to allies: Standard pond
1:0011511500000012901282
2:0026826800000026072781
3:0080879900000039884436
4:00148814730000404064796138
5:0022212185000011101131068989
6:0029792995000013892321826812657
7:0038153910360210014724372139315669
8:0047054948126017018911715674632425019216
9:0056626223205837946231616164682655221289
10:0067957705297561194555216504902926123110
11:00824596453514842145185517325183072026170
12:00992412052390011691874128917515243257827931
13:001217514538440815532330187618006263529930525
14:001451817427487421342925253518586653864831558
15:001708120188534625993501324919297084217732681
WHAT THE NUMBERS SAY

Same win rate as the standard build but destroys far more enemy metal by 15:00 at the cost of much higher own metal production lost.

  • + Destroys 5806 enemy metal by 15:00 vs 2962 standard.
  • + Reclaims Bot Lab in 39% of games to recoup metal.
  • − Own metal lost roughly doubles by 10:00 (988 vs 440).
  • − Metal production falls behind standard by 15:00 (17452 vs 20971).
THE EXAMPLE YOU ARE READING

NEXUS_VI

34.3 OS · 13/10/2026

Open source match ↗

4 received units · includes a constructor
184 metal received · 50437 energy received

Allied construction assistance is unknown. Timings are observations, not a promise of solo reproducibility.

Typical milestones

Bot Lab5:55Middle 50%: 4:53–6:59 · n=442
Advanced Metal Extractor9:52Middle 50%: 9:06–10:35 · n=468

Played most by

Teaner43games of this buildHummell20games of this buildDRM17games of this build_X_17games of this build[Grump]Grumpiness16games of this build